 Dungeon Crawl Stone Soup version 0.17-a0-530-gbe3d13a (webtiles) character file.

525 Hanyuu the Insei (level 7, -3/46 HPs)
             Began as an Octopode Transmuter on Apr 12, 2015.
             Killed by divine providence
             ... invoked by an orc priest
              (11 damage)
             ... on level 4 of the Dungeon.
             The game lasted 00:12:47 (3783 turns).

Hanyuu the Insei (Octopode Transmuter)              Turns: 3783, Time: 00:12:48

Health: -3/46      AC:  1    Str:  9    XL:     7   Next: 23%
Magic:  11/11      EV: 12    Int: 15    God:
Gold:   183        SH:  0    Dex: 15    Spells: 2 memorised, 7 levels left

rFire  . . .     SeeInvis .     a - +0 blowgun
rCold  . . .     Clarity  .     (no shield)
rNeg   . . .     SustAb   .     (helmet restricted)
rPois  .         Gourm    .     j - amulet of stasis
rElec  .         Spirit   .     (no ring)
rCorr  .         Warding  .     (no ring)
rMut   .         Stasis   +     (no ring)
MR     .....                    (no ring)
Stlth  ++........               (no ring)
                                (no ring)
                                (no ring)
                                (no ring)

@: not resistant to hostile enchantments, unstealthy
A: almost no armour, amphibious, 8 rings, constrict 8, camouflage 1, gelatinous
body 1
a: no special abilities


You were on level 4 of the Dungeon.
You were not hungry.

You visited 1 branch of the dungeon, and saw 4 of its levels.

You collected 204 gold pieces.
You spent 21 gold pieces at shops.

Inventory:

Hand weapons
 a - a +0 blowgun (weapon)
 y - a +0 rapier
Missiles
 b - 12 arrows
 c - 26 poisoned needles (quivered)
 e - 3 needles of sleeping
 g - 4 curare-tipped needles
 x - 3 needles of paralysis
 D - 4 poisoned javelins
Jewellery
 j - an amulet of stasis (around mantle)
Magical devices
 u - a wand of disintegration (4)
 A - a wand of paralysis (5)
Scrolls
 f - 2 scrolls of remove curse {unknown}
 h - a scroll of magic mapping {unknown}
 m - 2 scrolls of blinking {unknown}
 o - 3 scrolls of identify
 q - 2 scrolls of teleportation {unknown}
 r - a scroll of amnesia {unknown}
 t - a scroll of noise {unknown}
 E - a scroll of enchant weapon {unknown}
Potions
 i - 4 potions of curing
 k - a potion of restore abilities
 l - a potion of beneficial mutation {unknown}
 p - a potion of brilliance {unknown}
 s - a potion of invisibility {unknown}
 v - 3 potions of haste {unknown}
 z - a potion of ambrosia {unknown}
Books
 d - a book of Changes

   Spells                             Type                      Level
   a - Beastly Appendage              Transmutation                1
   b - Sticks to Snakes               Transmutation                2
   c - Spider Form                    Transmutation/Poison         3
   d - Ice Form                       Ice/Transmutation            4
   e - Blade Hands                    Transmutation                5
Comestibles
 n - 2 beef jerkies
 w - 4 fruits
 B - 3 royal jellies
 C - 7 bread rations
 F - a meat ration


   Skills:
 + Level 3.5 Fighting
 - Level 2.0 Throwing
 - Level 2.2 Dodging
 * Level 5.7 Unarmed Combat
 + Level 2.7 Spellcasting
 - Level 3.3 Transmutations


You had 7 spell levels left.
You knew the following spells:

 Your Spells              Type           Power        Failure   Level  Hunger
a - Beastly Appendage     Trmt           ##....       8%          1    #......
b - Spider Form           Trmt/Pois      #.........   34%         3    ###....


Dungeon Overview and Level Annotations

Branches:
Dungeon (4/15)
 Temple: D:4-7

Altars:

Shops:
D:4 (


Innate Abilities, Weirdness & Mutations

You cannot wear most types of armour.
You are amphibious.
You can wear up to eight rings at the same time.
You can use your tentacles to constrict eight enemies at once.
Your skin changes colour to match your surroundings (Stealth).
Your rubbery body absorbs attacks (AC +1).


Message History

Aim: an orc You shoot a poisoned needle.
The poisoned needle closely misses the orc.
The orc priest glows brightly for a moment.
An orc comes into view.
The orc priest mumbles some strange prayers to Beogh against you.
Something smites you!
Firing (i - inventory. (,) - cycle):
c - 27 poisoned needles (quivered)
Press: ? - help, Shift-Dir - straight line, f/p - orc
Aim: an orc You shoot a poisoned needle.
The orc shouts!
The poisoned needle hits the orc!
The orc is poisoned.
An orc comes into view. It is wielding a falchion.
The orc priest invokes the aid of Beogh against you.
Something smites you!
* * * LOW HITPOINT WARNING * * *
The orc priest calls down the wrath of Beogh upon you.
Something smites you!
You die...

......#.......##.########<######
####..######.##### #.......# #..#
#.# #..####.# ####..# ##'## #..##
#.# ......# ##...## #.#.# #.#
####.## ##.....## ###...# #.#
##.#.# ##...)...## ##.#.#.# #.#
#....###.o.......####....#.###.##
.......'(o....o.@'.............[.
#.(.o###.........####...##.######
##.....##.......## ##.###.# #
##.###.###.....## ######.# # )..#
.# ##...## #......# # ##.# #
##'########.###### # ##...
#.........#.# # ######
#..######.#.# # # #..######.#.#


You could see an orc priest and 2 orcs.

Vanquished Creatures
  2 phantoms (D:4)
  A water moccasin skeleton (D:4)
  A crimson imp (D:3)
  A centaur zombie (D:4)
  An orc priest (D:4)
  4 gnolls (D:4)
  6 adders
  4 worms
  A giant gecko (D:1)
  4 orcs
  9 bats
  2 giant cockroaches (D:4)
  12 hobgoblins
  10 jackals
  10 kobolds
  4 quokkas
  4 giant newts
  12 goblins
  4 rats
92 creatures vanquished.

Notes
Turn   | Place    | Note
--------------------------------------------------------------
     0 | D:1      | Hanyuu, the Octopode Transmuter, began the quest for the Orb.
     0 | D:1      | Reached XP level 1. HP: 13/13 MP: 3/3
   103 | D:1      | Reached XP level 2. HP: 6/18 MP: 5/5
   785 | D:1      | Reached XP level 3. HP: 23/23 MP: 6/6
  1193 | D:2      | Learned a level 3 spell: Spider Form
  1531 | D:2      | HP: 1/24 [adder (4)]
  1533 | D:2      | Reached XP level 4. HP: 13/29 MP: 7/7
  1736 | D:2      | Reached skill level 4 in Unarmed Combat
  2509 | D:3      | Reached XP level 5. HP: 19/35 MP: 8/8
  2897 | D:4      | Found Neudiuc's Weapon Emporium.
  2907 | D:4      | Bought 3 needles of paralysis for 21 gold pieces
  3090 | D:4      | Noticed a phantom
  3158 | D:4      | Reached XP level 6. HP: 29/41 MP: 9/9
  3373 | D:4      | Reached skill level 5 in Unarmed Combat
  3388 | D:4      | Reached skill level 1 in Throwing
  3444 | D:4      | Killed a phantom
  3606 | D:4      | Reached XP level 7. HP: 39/46 MP: 10/10
  3708 | D:4      | Noticed a phantom
  3738 | D:4      | Killed a phantom
  3783 | D:4      | Killed from afar by an orc priest

Action                   |  1- 3 |  4- 6 |  7- 9 || total
-------------------------+-------+-------+-------++-------
Melee: Unarmed           |    74 |   137 |     9 ||   220
 Fire: Blowgun           |       |    18 |     2 ||    20
 Cast: Beastly Appendage |     1 |       |       ||     1
       Spider Form       |       |     2 |       ||     2
Evoke: Wand              |       |     3 |     5 ||     8
  Use: Potion            |     1 |       |       ||     1
       Scroll            |       |     1 |     1 ||     2
 Stab: Sleeping          |     5 |    10 |       ||    15
       Distracted        |       |     1 |       ||     1
  Eat: Chunk             |     1 |     8 |       ||     9
